 Dungeon Crawl Stone Soup version 0.29.1-12-g30fa7ad0bf (webtiles) character file.

Game seed: 9076195539109251650

9 thatblackman the Sneak (level 2, 0/19 HPs)
             Began as a Vampire Conjurer on Jan 11, 2023.
             Constricted to death by a ball python (1 damage)
             ... on level 2 of the Dungeon.
             The game lasted 00:02:13 (262 turns).

thatblackman the Sneak (Vampire Conjurer)            Turns: 262, Time: 00:02:14

Health: 0/19       AC:  2    Str:  6    XL:     2   Next: 6%
Magic:  5/5        EV:  9    Int: 20    God:
Gold:   0          SH:  0    Dex: 12    Spells: 4/5 levels left

rFire   . . .      SeeInvis +   (no weapon)
rCold   . . .      Faith    .   (no shield)
rNeg    . . .      Spirit   .   a - +0 robe
rPois   .          Reflect  .   (no helmet)
rElec   .          Harm     .   (no cloak)
rCorr   .          Rampage  .   (no gloves)
Will    .....                   (no boots)
Stlth   ++........              (no amulet)
HPRegen 0.26/turn               (no ring)
MPRegen 0.09/turn               (no ring)

@: healing quickly, constricted
A: alive, fangs 3, see invisible, vampiric 1
a: Exsanguinate


You were on level 2 of the Dungeon.
You visited 1 branch of the dungeon, and saw 2 of its levels.

Inventory:

Armour
 a - a +0 robe (worn)
Potions
 b - a potion of magic
 c - 2 potions of resistance
 d - a potion of mutation {unknown}


   Skills:
 + Level 2.2 Dodging
 + Level 3.2 Stealth
 + Level 0.1 Unarmed Combat
 + Level 2.0 Spellcasting
 + Level 3.2 Conjurations


You had 4 spell levels left.
You knew the following spells:

 Your Spells              Type           Power      Damage    Failure   Level
a - Magic Dart            Conj           60%        1d6       4%          1

Your spell library contained the following spells:

 Spells                   Type           Power      Damage    Failure   Level
 Searing Ray              Conj           30%        2d5       6%          2
 Dazzling Flash           Conj/Hex       16%        N/A       24%         3
 Fulminant Prism          Conj/Hex       4%         3d6       63%         4
 Iskenderun's Mystic Bla  Conj/Tloc      8%         2d4       63%         4


Dungeon Overview and Level Annotations

Branches:
Dungeon (2/15)

Altars:


Innate Abilities, Weirdness & Mutations

Your natural rate of healing is accelerated.
You have razor-sharp teeth.
You have supernaturally acute eyesight. (SInv)
You are afflicted with vampirism.


Message History

The dart slug launches a dart at you. The slug dart misses you.
The helpless ball python fails to defend itself.
You hit the ball python.
The ball python is moderately wounded.
The ball python bites you. The ball python grabs you.
The ball python constricts you. The ball python bites you.
The ball python constricts you.
You escape the ball python's grasp.
The dart slug launches a dart at you. The slug dart hits you.
* * * LOW HITPOINT WARNING * * *
The ball python closely misses you. The ball python completely misses you.
The ball python bites you but does no damage.
The ball python grabs you. The ball python constricts you.
You escape the ball python's grasp.
The dart slug launches a dart at you. The slug dart hits you.
* * * LOW HITPOINT WARNING * * *
The ball python barely misses you. The ball python misses you.
The dart slug bites you.
* * * LOW HITPOINT WARNING * * *
The ball python barely misses you. The ball python misses you.
The ball python attacks as you move away!
The ball python misses you.
You hit the ball python.
The ball python is moderately wounded.
The ball python barely misses you. x2
The ball python bites you.
* * * LOW HITPOINT WARNING * * *
The ball python closely misses you. The ball python bites you.
* * * LOW HITPOINT WARNING * * *
The ball python grabs you. The ball python constricts you.
You hit the endoplasm but do no damage. The endoplasm freezes you.
You are frozen.
* * * LOW HITPOINT WARNING * * *
The ball python completely misses you. The ball python constricts you.
You die...

P....#### .##.#
........ .... ...
...... ... # #.#.
#.#..###..##.# ....
#.#..........
.....#.....##..#
.....#.#.#.....#
...........S..###.#
.....#..8.wJ@.....#
..#.##...8#########
....#...P......
#..#.....#....
#..#+#.#.####.
#.............
#.###....###########
#...........(......#
#####...........#.###


You could see a dart slug, an endoplasm and a ball python.

Vanquished Creatures
  An adder skeleton (D:2)
  A bat zombie (D:2)
  A giant cockroach (D:1)
  2 frilled lizards (D:1)
  A jackal skeleton (D:2)
  A quokka skeleton (D:2)
  A rat (D:1)
8 creatures vanquished.

Notes
Turn   | Place    | Note
-------+----------+-------------------------------------------
     0 | D:1      | thatblackman the Vampire Conjurer began the quest for the
                  | Orb.
     0 | D:1      | Reached XP level 1. HP: 13/13 MP: 3/3
   199 | D:2      | Reached XP level 2. HP: 2/19 MP: 1/5
   262 | D:2      | Constricted to death by a ball python

Illustrated notes

Levels and vault maps discovered:
D:1:      minmay_arrival_doors, layout_loops_cross, corner_web_ring
D:2:      layout_basic, basic_ecumenical_altar, serial_undead, serial_undead_e,
          serial_undead_d, serial_undead_e, serial_undead_c, serial_undead_f,
          serial_undead_d

Skill      XL: |  1 |
---------------+----+-----
Conjurations   | 3 |  3.2
Dodging        | |  2.2
Stealth        | |  3.2
Unarmed Combat | |  0.1
Spellcasting   | |  2.0

Action                   || total
-------------------------++-------
Melee: Unarmed           ||    47
       Bite              ||     4
 Cast: Magic Dart        ||     9
  Use: Scroll            ||     1
 Stab: Sleeping          ||     1
Armor: Robe              ||    19
Dodge: Dodged            ||    46
